 Dungeon Crawl Stone Soup version 0.21-a0-110-g8e1637b (webtiles) character file.

111 Gorglomux the Chopper (level 4, -12/42 HPs)
             Began as a Hill Orc Chaos Knight on July 10, 2017.
             Mangled by a crocodile (13 damage)
             ... in a sewer.
             The game lasted 00:05:30 (1565 turns).

Gorglomux the Chopper (Hill Orc Chaos Knight)       Turns: 1565, Time: 00:05:31

Health: -12/42     AC:  7    Str: 15    XL:     4   Next: 92%
Magic:  4/4        EV:  9    Int: 10    God:    Xom [..*...]
Gold:   131        SH:  0    Dex: 18    Spells: 3/3 levels left

rFire    . . .     SeeInvis .   C - +10 war axe of the Lair of Beasts {speed, *Corrode rC+ MR- Dex+8}
rCold    + . .     Gourm    .   (no shield)
rNeg     . . .     Faith    .   j - +0 scale mail
rPois    .         Spirit   .   q - +0 helmet
rElec    .         Reflect  .   (no cloak)
rCorr    .         Harm     .   (no gloves)
MR       .....                  (no boots)
Stlth    ..........             r - amulet of regeneration
HPRegen  0.54/turn              (no ring)
MPRegen  0.09/turn              (no ring)

@: no status effects
A: dopey 1
a: Renounce Religion


You were in a sewer.
You worshipped Xom.
You were a toy of Xom.
You were not hungry.

You visited 1 branch of the dungeon, and saw 3 of its levels.
You also visited: Sewer.

You collected 131 gold pieces.

Inventory:

Hand Weapons
 a - a +0 hand axe of chaos
 C - the +10 war axe of the Lair of Beasts (weapon) {speed, *Corrode rC+ MR- Dex+8}
   (You found it in a sewer)

   Attacks with this weapon are significantly faster.
   It affects your dexterity (+8).
   It protects you from cold.
   It affects your resistance to hostile enchantments.
   It may corrode you when you take damage.
Armour
 j - a +0 scale mail (worn)
 q - a +0 helmet (worn)
Jewellery
 r - an amulet of regeneration (around neck)
Scrolls
 k - 2 scrolls of remove curse {unknown}
 m - 3 scrolls of identify {unknown}
 p - a scroll of noise {unknown}
 s - a scroll of teleportation {unknown}
 A - a scroll of blinking {unknown}
 B - a scroll of fear {unknown}
Potions
 d - a potion of might {unknown}
 n - a potion of curing {unknown}
 o - a potion of brilliance {unknown}
 t - a potion of heal wounds {unknown}
Comestibles
 c - a bread ration
 f - 2 fruits
 h - a royal jelly
 l - 7 chunks of flesh
 z - 2 meat rations


   Skills:
 + Level 5.3 Fighting
 + Level 5.7 Axes
 - Level 2.1 Armour
 - Level 0.7 Dodging


You had 3 spell levels left.
You didn't know any spells.

Dungeon Overview and Level Annotations

Branches:
Dungeon (3/15)

Altars:
Hepliaklqana

Portals:
Sewer: D:3


Innate Abilities, Weirdness & Mutations

You are dopey. (Int -2)


Message History

You see here a faintly glowing war axe.
C - a faintly glowing war axe The crocodile closely misses you.
Wield which item (- for none, * to show all)? (? for menu, Esc to quit)
You feel agile.
Your hands tingle!
C - the +10 war axe of the Lair of Beasts (weapon)
{speed, *Corrode rC+ MR- Dex+8} You closely miss the crocodile.
The crocodile is lightly wounded.
The crocodile bites you!
* * * LOW HITPOINT WARNING * * *
You closely miss the crocodile.
The crocodile is lightly wounded.
The crocodile bites you.
* * * LOW HITPOINT WARNING * * *
You hit the crocodile.
The crocodile is lightly wounded.
The crocodile bites you!
You die...
Xom giggles madly!

#########
#[(#.#$(#
#@t#.#.)#
###≈..#
##...##
#....≈#
#.≈...##
#..≈#...#
#..###≈.##
#.≈. #.≈.#
#≈≈# ##.≈#


You could see a crocodile.

Vanquished Creatures
  5 adders
  3 worms (D:3)
  2 dart slugs (D:1)
  3 leopard geckos
  3 ball pythons
  3 bats
  5 giant cockroaches
  4 hobgoblins
  2 jackals (Sewer)
  3 frilled lizards
  6 goblins
  7 kobolds
  4 rats
50 creatures vanquished.

Notes
Turn   | Place    | Note
-------+----------+-------------------------------------------
     0 | D:1      | Gorglomux the Hill Orc Chaos Knight began the quest for the Orb.
     0 | D:1      | Reached XP level 1. HP: 19/19 MP: 1/1
   165 | D:1      | Reached XP level 2. HP: 27/27 MP: 2/2
   409 | D:1      | Reached XP level 3. HP: 27/33 MP: 3/3
   416 | D:1      | XOM: divination: detect items
   433 | D:1      | XOM: divination: detect items
  1001 | D:2      | Reached XP level 4. HP: 41/41 MP: 4/4
  1024 | D:2      | XOM: give mutation
  1024 | D:2      | Gained mutation: You are dopey. (Int -2) [Xom's mischief]
  1077 | D:2      | Found a hazy altar of Hepliaklqana.
  1397 | D:3      | XOM: repel stairs
  1405 | D:3      | Found a glowing drain.
  1427 | D:3      | XOM: blink monster(s)
  1492 | Sewer    | Entered a sewer
  1546 | Sewer    | Noticed a crocodile
  1561 | Sewer    | Got a faintly glowing war axe
  1562 | Sewer    | Identified the +10 war axe of the Lair of Beasts {speed, *Corrode rC+ MR- Dex+8} (You found it in a sewer)
  1564 | Sewer    | HP: 1/42 [crocodile (6)]
  1565 | Sewer    | Mangled by a crocodile

Vault maps used:
D:1:      tarquinn_simple_flora_water_d
D:2:      lemuel_doored_altar, minivault_11
D:3:      nemelex_xobeh_ov_fountains_minmay, cheibrodos_sewer_entry_drain
Sewer:    sewer_the_crocodile

Skill      XL: |  1  2  3  4 |
---------------+-------------+-----
Fighting       | 4 5 |  5.3
Axes           | 5 |  5.7
Armour         | |  2.1
Dodging        | |  0.7

Action                   |  1- 3 |  4- 6 || total
-------------------------+-------+-------++-------
Melee: Hand axe          |    89 |    80 ||   169
       War axe           |       |     3 ||     3
 Stab: Paralysed         |       |     7 ||     7
  Eat: Chunk             |       |     2 ||     2
Armor: Leather armour    |    10 |       ||    10
       Scale mail        |    29 |    28 ||    57
Dodge: Dodged            |    60 |    34 ||    94
